 Dungeon Crawl Stone Soup version 0.29.0-5-ge4962eb29e (webtiles) character file.

Game seed: 3805515418076371104

696 SnakkuSnakku7 the Transmogrifier (level 7, -2/47 HPs)
             Began as a Merfolk Air Elementalist on Aug 30, 2022.
             Was a Priest of Lugonu.
             Slain by Menkaure (20 damage)
             ... on level 4 of the Dungeon.
             The game lasted 00:06:46 (5493 turns).

SnakkuSnakku7 the Transmogrifier (MfAE)             Turns: 5493, Time: 00:06:47

Health: -2/47      AC:  9    Str:  8    XL:     7   Next: 64%
Magic:  10/10      EV: 12    Int: 17    God:    Lugonu [***...]
Gold:   119        SH:  0    Dex: 14    Spells: 9/10 levels left

rFire   . . .      SeeInvis .   q - +3 quarterstaff (chaos)
rCold   . . .      Faith    .   (shield currently unavailable)
rNeg    . . .      Spirit   .   l - +3 leather armour {rPois}
rPois   +          Reflect  .   (no helmet)
rElec   .          Harm     .   p - +1 cloak
rCorr   .          Rampage  .   (no gloves)
Will    .....                   o - +0 pair of boots
Stlth   ++........              (no amulet)
HPRegen 0.15/turn               (no ring)
MPRegen 0.12/turn               (no ring)

@: no status effects
A: (nimble swimmer 2), mertail
a: Renounce Religion, Depart the Abyss, Bend Space, Banish


You were on level 4 of the Dungeon.
You worshipped Lugonu.
Lugonu was most pleased with you.
You visited 2 branches of the dungeon, and saw 5 of its levels.

You collected 174 gold pieces.
You spent 55 gold pieces at shops.

Inventory:

Hand Weapons
 e - a +1 short sword of freezing
 q - a +3 quarterstaff of chaos (weapon)
Armour
 a - a +0 robe
 l - a +3 leather armour of poison resistance (worn)
 o - a +0 pair of boots (worn)
 p - a +1 cloak (worn)
Wands
 g - a wand of paralysis (2)
Scrolls
 d - 2 scrolls of teleportation
 h - a scroll of enchant armour {unknown}
 k - a scroll of fear {unknown}
 m - a scroll of blinking {unknown}
 r - a scroll of torment {unknown}
 s - a scroll of magic mapping
Potions
 b - a potion of magic
 c - 2 potions of flight
 f - a potion of might
 i - a potion of invisibility {unknown}
 n - a potion of haste


   Skills:
 - Level 0.4 Fighting
 - Level 2.6 Dodging
 - Level 2.1 Stealth
 - Level 2.6 Unarmed Combat
 - Level 2.0 Spellcasting
 - Level 0.7 Conjurations
 + Level 9.9 Transmutations
 - Level 2.4 Air Magic


You had 9 spell levels left.
You knew the following spells:

 Your Spells              Type           Power      Damage    Failure   Level
a - Shock                 Conj/Air       28%        1d4       16%         1

Your spell library contained the following spells:

 Spells                   Type           Power      Damage    Failure   Level
 Wereblood                Tmut           35%        N/A       1%          2
 Static Discharge         Conj/Air       7%         3-4/arc   22%         2
 Slow                     Hex            4%         N/A       28%         1
 Swiftness                Air            9%         N/A       32%         3
 Sublimation of Blood     Necr           1%         N/A       38%         2
 Confusing Touch          Hex            1%         N/A       63%         3
 Vampiric Draining        Necr           1%         2d6       63%         3
 Airstrike                Air            4%         2d(1-17)  71%         4
 Cause Fear               Hex            0%         N/A       95%         4
 Dragon Form              Tmut           17%        N/A       99%         7
 Summon Hydra             Summ           0%         N/A       100%        7
 Dragon's Call            Summ           0%         N/A       100%        9


Dungeon Overview and Level Annotations

Branches:
Dungeon (4/15)             Temple (1/1) D:4

Altars:
Ashenzari
Cheibriados
Dithmenos
Elyvilon
Gozag
Hepliaklqana
Kikubaaqudgha
Makhleb
Nemelex Xobeh
Qazlal
Ru
Sif Muna
Trog
Uskayaw
Vehumet
Wu Jian
Yredelemnul
The Shining One
Lugonu

Shops:
D:1 ?

Annotations:
D:2 Sigmund
D:4 Menkaure


Innate Abilities, Weirdness & Mutations

((You are very nimble when in or above water. (Stealth+, EV+, Speed+++)))
Your lower body shifts to a powerful aquatic tail in water.


Message History

f - a potion of might Unknown command.
You start resting.
HP restored.
You can't see any susceptible monsters within range! (Use Z to cast anyway.)
You open the door.
Menkaure, Prince of Dust comes into view.
Found a stone staircase leading up.
Menkaure shouts!
There is an open door here.
Menkaure is nearby!
You start waiting.
Menkaure is nearby!
There is an open door here.
You hit Menkaure.
Menkaure easily resists.
Menkaure is lightly damaged.
Menkaure hits you.
You barely miss Menkaure.
Menkaure is lightly damaged.
Menkaure hits you!
You hit Menkaure but do no damage.
Menkaure is lightly damaged.
Menkaure misses you.
You sock Menkaure!
Menkaure is heavily damaged.
Menkaure gestures wildly while chanting.
Menkaure seems to speed up.
You thump Menkaure!
Menkaure seems to grow stronger.
Menkaure is almost destroyed.
Menkaure hits you but does no damage. Menkaure barely misses you.
You closely miss Menkaure.
Menkaure is almost destroyed.
Menkaure hits you!!
You are too injured to fight recklessly!
You are too injured to fight recklessly!
You are too injured to fight recklessly!
You hit Menkaure.
Menkaure easily resists.
Menkaure is almost destroyed.
Menkaure hits you!!
You die...

######
......
###.....<
##........
#..M......
####@#
#....# #
#.####
###.####.#
.........#
.........#
..######.#
#.# #.#


You could see Menkaure (fast, strong).

Vanquished Creatures
  Grinder (D:3)
  Eustachio (D:4)
  A scorpion (D:4)
  A hound (D:2)
  Crazy Yiuf (D:3)
  Jessica (D:2)
  Ijyb (D:3)
  Natasha (thrice) (D:3)
  An orc wizard (D:3)
  3 adders
  2 dart slugs
  3 orcs (D:3)
  6 ball pythons
  2 bats
  8 endoplasms
  2 giant cockroaches
  6 goblins
  6 hobgoblins
  7 jackals
  3 quokkas
  3 frilled lizards
  8 kobolds
  5 rats
75 creatures vanquished.

Vanquished Creatures (others)
  3 plants (D:4)
3 creatures vanquished.

Grand Total: 78 creatures vanquished

Notes
Turn   | Place    | Note
-------+----------+-------------------------------------------
     0 | D:1      | SnakkuSnakku7 the Merfolk Air Elementalist began the quest
                  | for the Orb.
     0 | D:1      | Reached XP level 1. HP: 13/13 MP: 3/3
    60 | D:1      | Found Ucrirch's Magic Scroll Shoppe.
   134 | D:1      | Reached skill level 1 in Unarmed Combat
   226 | D:1      | Reached XP level 2. HP: 20/20 MP: 3/5
   257 | D:1      | Found a faded altar of an unknown god.
   264 | D:1      | Prayed at the altar of an unknown god.
   264 | D:1      | Became a worshipper of Lugonu the Unformed
   264 | D:1      | Reached * piety under Lugonu
   264 | D:1      | Reached ** piety under Lugonu
   901 | D:1      | Reached XP level 3. HP: 18/25 MP: 6/6
  1657 | D:2      | Reached skill level 1 in Transmutations
  1800 | D:2      | Noticed Sigmund
  1960 | D:2      | Reached skill level 2 in Transmutations
  2343 | D:1      | Bought a scroll of teleportation for 33 gold pieces
  2343 | D:1      | Bought a scroll of identify for 22 gold pieces
  2380 | D:2      | Noticed Jessica
  2384 | D:2      | Killed Jessica
  2385 | D:2      | Reached skill level 3 in Transmutations
  2385 | D:2      | Reached XP level 4. HP: 21/31 MP: 7/7
  2637 | D:2      | Reached skill level 4 in Transmutations
  2901 | D:2      | Reached *** piety under Lugonu
  2902 | D:2      | Reached XP level 5. HP: 24/36 MP: 8/8
  3729 | D:3      | Noticed Ijyb
  3743 | D:3      | Paralysed by Ijyb for 4 turns
  3752 | D:3      | Paralysed by Ijyb for 4 turns
  3771 | D:3      | Killed Ijyb
  3772 | D:3      | Reached skill level 5 in Transmutations
  4036 | D:3      | Noticed Grinder
  4043 | D:3      | Paralysed by Grinder for 5 turns
  4054 | D:3      | Killed Grinder
  4055 | D:3      | Reached skill level 7 in Transmutations
  4055 | D:3      | Reached XP level 6. HP: 42/42 MP: 9/9
  4272 | D:3      | Noticed Natasha
  4281 | D:3      | Killed Natasha
  4282 | D:3      | Reached skill level 8 in Transmutations
  4313 | D:3      | Noticed Natasha
  4330 | D:3      | Killed Natasha
  4472 | D:3      | Reached XP level 7. HP: 28/47 MP: 10/10
  4721 | D:3      | Found a runed translucent door.
  4722 | D:3      | Noticed Crazy Yiuf
  4738 | D:3      | Noticed Natasha
  4747 | D:3      | Killed Natasha
  4796 | D:3      | Killed Crazy Yiuf
  5238 | D:4      | Found a staircase to the Ecumenical Temple.
  5240 | D:4      | Noticed Eustachio
  5246 | D:4      | Reached skill level 9 in Transmutations
  5262 | Temple   | Entered the Ecumenical Temple
  5410 | D:4      | Killed Eustachio
  5480 | D:4      | Noticed Menkaure
  5493 | D:4      | Slain by Menkaure

Illustrated notes

Levels and vault maps discovered:
D:1:      psy_arrival_dodecagon, layout_basic, serial_shops,
          nicolae_diamond_shop, dreamdust_ecumenical_altar_statues,
          kennysheep_decorative_pillar
D:2:      layout_basic, uniq_sigmund, uniq_jessica
D:3:      layout_rooms, uniq_ijyb, uniq_crazy_yiuf_cottage, uniq_natasha,
          uniq_grinder
D:4:      layout_basic, chequers_temple_overflow_minitemple,
          minmay_temple_entry_overgrown, uniq_menkaure, uniq_eustachio
Temple:   nicolae_temple_no_exploring_needed

Skill      XL: |  1  2  3  4  5  6  7 |
---------------+----------------------+-----
Unarmed Combat | 1 2 |  2.6
Transmutations | 3 4 7 8 9 |  9.9
Fighting       | |  0.4
Dodging        | |  2.6
Stealth        | |  2.1
Spellcasting   | |  2.0
Conjurations   | |  0.7
Air Magic      | |  2.4

Action                   |  1- 3 |  4- 6 |  7- 9 || total
-------------------------+-------+-------+-------++-------
Melee: Short sword       |    73 |   157 |    12 ||   242
       Punch             |     3 |     6 |       ||     9
       Unarmed           |       |    10 |       ||    10
       Quarterstaff      |       |       |    39 ||    39
 Cast: Shock             |    11 |       |       ||    11
Evoke: Wand              |       |     1 |     1 ||     2
  Use: Potion            |     1 |     2 |       ||     3
       Scroll            |     3 |     1 |     1 ||     5
 Stab: Sleeping          |     6 |     2 |       ||     8
       Paralysed         |       |     2 |     6 ||     8
Armor: Robe              |    24 |    14 |       ||    38
       Leather armour    |       |    35 |    47 ||    82
       Skin              |       |     8 |       ||     8
Dodge: Dodged            |    72 |    90 |    63 ||   225
